% Time on Ice - BANFF WOLVES
Lines # - Real PCT - Wanted PCT - Time Play
Normal Forward
1 - 32% - 34% - 17:03
2 - 33% - 34% - 17:33
3 - 26% - 29% - 14:04
4 - 9% - 3% - 4:52
Normal Defense
1 - 35% - 39% - 18:34
2 - 35% - 31% - 18:52
3 - 25% - 20% - 13:35
4 - 5% - 10% - 2:31
PP Forward
1 - 52% - 60% - 2:21
2 - 48% - 40% - 2:08
PP Defense
1 - 53% - 60% - 2:22
2 - 47% - 40% - 2:07
PK Forward
1 - 45% - 50% - 0:53
2 - 55% - 50% - 1:06
PK Defense
1 - 84% - 50% - 1:40
2 - 16% - 50% - 0:19
PK3 Forward
1 - 0% - 50%
2 - 0% - 50%
PK3 Defense
1 - 0% - 50%
2 - 0% - 50%
44 Forward
1 - 0% - 55%
2 - 0% - 45%
44 Defense
1 - 0% - 55%
2 - 0% - 45%
Last Minute Offensive  - 0:00
Last Minute Defensive  - 0:00
Total
Forward - 60:00
Defense - 60:00
% Time on Ice - VANCOUVER VOODOO
Lines # - Real PCT - Wanted PCT - Time Play
Normal Forward
1 - 32% - 33% - 17:20
2 - 30% - 32% - 16:18
3 - 27% - 26% - 14:26
4 - 10% - 9% - 5:28
Normal Defense
1 - 37% - 36% - 19:44
2 - 35% - 35% - 18:35
3 - 27% - 29% - 14:30
4 - 1% - 0% - 0:43
PP Forward
1 - 56% - 53% - 1:07
2 - 44% - 47% - 0:52
PP Defense
1 - 67% - 53% - 1:20
2 - 33% - 47% - 0:39
PK Forward
1 - 59% - 53% - 2:39
2 - 41% - 47% - 1:50
PK Defense
1 - 68% - 53% - 3:04
2 - 32% - 47% - 1:25
PK3 Forward
1 - 0% - 55%
2 - 0% - 45%
PK3 Defense
1 - 0% - 52%
2 - 0% - 48%
44 Forward
1 - 0% - 51%
2 - 0% - 49%
44 Defense
1 - 0% - 52%
2 - 0% - 48%
Last Minute Offensive  - 0:00
Last Minute Defensive  - 0:00
Total
Forward - 60:00
Defense - 60:00
Play-by-Play 1st period 0:01 of 1st period - Joel Eriksson Ek wins face-off versus Nicolas Roy in neutral zone. 0:25 of 1st period - Icing by Nicolas Hague. 0:26 of 1st period - Nicolas Roy wins face-off versus Elias Lindholm in VANCOUVER VOODOO zone. 0:43 of 1st period - Shot by Conor Garland. 0:43 of 1st period - Goal by Conor Garland - BANFF WOLVES : 0 - VANCOUVER VOODOO : 1. 0:44 of 1st period - Jordan Staal wins face-off versus Christian Dvorak in neutral zone. 0:48 of 1st period - Minor Penalty to Braden Schneider for High sticking. 0:49 of 1st period - Elias Lindholm wins face-off versus Christian Dvorak in VANCOUVER VOODOO zone. 0:54 of 1st period - Shot by Quinton Hughes. 0:54 of 1st period - Goal by Quinton Hughes - BANFF WOLVES : 1 - VANCOUVER VOODOO : 1. 0:55 of 1st period - Jordan Staal wins face-off versus Radek Faksa in neutral zone. 0:55 of 1st period - Jordan Staal is hit by Radek Faksa. 1:17 of 1st period - Shot by Roope Hintz. 1:17 of 1st period - Shot Blocked by Radek Faksa. 1:25 of 1st period - Shot by Nick Leddy. 1:25 of 1st period - Shot Misses the Net. 1:27 of 1st period - Shot by Jordan Staal. 1:27 of 1st period - Shot Blocked by Callan Foote. 1:31 of 1st period - Shot by Roope Hintz. 1:31 of 1st period - Stopped by Filip Gustavsson with a rebound. 1:33 of 1st period - Shot by Roope Hintz. 1:33 of 1st period - Stopped by Filip Gustavsson without a rebound. 1:34 of 1st period - Christian Dvorak wins face-off versus Elias Lindholm in VANCOUVER VOODOO zone. 1:55 of 1st period - Timo Meier is hit by Jonathan Drouin and loses puck. 2:23 of 1st period - Christian Dvorak is hit by Timo Meier and loses puck. 2:41 of 1st period - Elias Lindholm is hit by Nicolas Hague and loses puck. 3:03 of 1st period - Shot by Joel Eriksson Ek. 3:03 of 1st period - Shot Misses the Net. 3:50 of 1st period - Off-side. 3:51 of 1st period - Jordan Staal wins face-off versus Radek Faksa in neutral zone. 4:09 of 1st period - Radek Faksa is hit by Adam Erne and loses puck. 4:49 of 1st period - Jason Dickinson is hit by Jordan Harris and loses puck. 5:15 of 1st period - Icing by Justin Faulk. 5:16 of 1st period - Eric Staal wins face-off versus Christian Dvorak in BANFF WOLVES zone. 5:54 of 1st period - Icing by Logan O'Connor. 5:55 of 1st period - Eric Staal wins face-off versus Nicolas Roy in BANFF WOLVES zone. 7:10 of 1st period - Shot by Cole Sillinger. 7:10 of 1st period - Stopped by Jeremy Swayman without a rebound. 7:11 of 1st period - Christian Dvorak wins face-off versus Tyler Toffoli in BANFF WOLVES zone. 7:18 of 1st period - Shot by Christian Dvorak. 7:18 of 1st period - Stopped by Jeremy Swayman without a rebound. 7:19 of 1st period - Elias Lindholm wins face-off versus Jonathan Drouin in BANFF WOLVES zone. 7:19 of 1st period - Elias Lindholm is hit by Josh Anderson. 7:33 of 1st period - Shot by Tyler Toffoli. 7:33 of 1st period - Stopped by Filip Gustavsson without a rebound. 7:34 of 1st period - Radek Faksa wins face-off versus Jordan Staal in VANCOUVER VOODOO zone. 7:46 of 1st period - Shot by Roope Hintz. 7:46 of 1st period - Shot Misses the Net. 8:02 of 1st period - Shot by Roope Hintz. 8:02 of 1st period - Shot Blocked by Braden Schneider. 8:05 of 1st period - Jordan Staal is hit by Braden Schneider. 8:37 of 1st period - Shot by Elias Lindholm. 8:37 of 1st period - Stopped by Filip Gustavsson without a rebound. 8:38 of 1st period - Joel Eriksson Ek wins face-off versus Christian Dvorak in VANCOUVER VOODOO zone. 9:01 of 1st period - Shot by Jonathan Drouin. 9:01 of 1st period - Stopped by Jeremy Swayman with a rebound. 9:03 of 1st period - Shot by Josh Anderson. 9:03 of 1st period - Stopped by Jeremy Swayman with a rebound. 9:19 of 1st period - Shot by Joel Eriksson Ek. 9:19 of 1st period - Deflect By John Tavares. 9:19 of 1st period - Shot Misses the Net. 9:21 of 1st period - Shot by Miro Heiskanen. 9:21 of 1st period - Stopped by Filip Gustavsson without a rebound. 9:22 of 1st period - Elias Lindholm wins face-off versus Nicolas Roy in VANCOUVER VOODOO zone. 10:05 of 1st period - Shot by Timo Meier. 10:05 of 1st period - Shot Blocked by Jordan Harris. 10:38 of 1st period - Shot by Justin Faulk. 10:38 of 1st period - Deflect By Roope Hintz. 10:38 of 1st period - Stopped by Filip Gustavsson without a rebound. 10:39 of 1st period - Joel Eriksson Ek wins face-off versus Christian Dvorak in VANCOUVER VOODOO zone. 11:38 of 1st period - Roope Hintz is hit by Josh Anderson and loses puck. 11:53 of 1st period - Christian Dvorak is hit by Justin Faulk and loses puck. 11:57 of 1st period - Icing by Cam Fowler. 11:58 of 1st period - Nicolas Roy wins face-off versus Jordan Staal in BANFF WOLVES zone. 12:13 of 1st period - Shot by Roope Hintz. 12:13 of 1st period - Shot Misses the Net. 12:15 of 1st period - Shot by Adam Erne. 12:15 of 1st period - Stopped by Filip Gustavsson with a rebound. 12:17 of 1st period - Shot by Cam Fowler. 12:17 of 1st period - Stopped by Filip Gustavsson without a rebound. 12:18 of 1st period - Elias Lindholm wins face-off versus Radek Faksa in VANCOUVER VOODOO zone. 12:54 of 1st period - Alex Newhook is hit by Ian Cole and loses puck. 13:59 of 1st period - Shot by John Tavares. 13:59 of 1st period - Stopped by Filip Gustavsson without a rebound. 14:00 of 1st period - Christian Dvorak wins face-off versus Jordan Staal in VANCOUVER VOODOO zone. 14:02 of 1st period - Icing by Josh Anderson. 14:03 of 1st period - Roope Hintz wins face-off versus Christian Dvorak in VANCOUVER VOODOO zone. 14:12 of 1st period - Justin Faulk is hit by Christian Dvorak and loses puck. 14:29 of 1st period - Shot by Christian Dvorak. 14:29 of 1st period - Shot Misses the Net. 14:31 of 1st period - Shot by Christian Dvorak. 14:31 of 1st period - Shot Blocked by Cam Fowler. 14:33 of 1st period - Shot by Christian Dvorak. 14:33 of 1st period - Shot Misses the Net. 14:35 of 1st period - Shot by Christian Dvorak. 14:35 of 1st period - Shot Blocked by Cam Fowler. 14:37 of 1st period - Shot by Christian Dvorak. 14:37 of 1st period - Shot Misses the Net. 14:42 of 1st period - Minor Penalty to Justin Faulk for High sticking. 14:43 of 1st period - Nicolas Roy wins face-off versus Joel Eriksson Ek in BANFF WOLVES zone. 14:55 of 1st period - Shot by Nicolas Roy. 14:55 of 1st period - Deflect By Alex Newhook. 14:55 of 1st period - Stopped by Jeremy Swayman without a rebound. 14:56 of 1st period - Joel Eriksson Ek wins face-off versus Jonathan Drouin in BANFF WOLVES zone. 15:21 of 1st period - Shot by Jordan Harris. 15:21 of 1st period - Stopped by Jeremy Swayman without a rebound. 15:22 of 1st period - Joel Eriksson Ek wins face-off versus Nicolas Roy in BANFF WOLVES zone. 15:40 of 1st period - Icing by Nicolas Roy. 15:41 of 1st period - Joel Eriksson Ek wins face-off versus Josh Bailey in VANCOUVER VOODOO zone. 15:58 of 1st period - Shot by Nicolas Roy. 15:58 of 1st period - Shot Misses the Net. 16:00 of 1st period - Shot by Nicolas Hague. 16:00 of 1st period - Stopped by Jeremy Swayman without a rebound. 16:01 of 1st period - Jonathan Drouin wins face-off versus Joel Eriksson Ek in BANFF WOLVES zone. 16:02 of 1st period - Shot by Calen Addison. 16:02 of 1st period - Shot Blocked by Cam Fowler. 16:05 of 1st period - Jonathan Drouin is hit by Cam Fowler and loses puck. 16:08 of 1st period - Shot by Jordan Harris. 16:08 of 1st period - Stopped by Jeremy Swayman without a rebound. 16:09 of 1st period - Joel Eriksson Ek wins face-off versus Jonathan Drouin in BANFF WOLVES zone. 17:22 of 1st period - Alex Newhook is hit by Timo Meier and loses puck. 17:56 of 1st period - Shot by Nicolas Roy. 17:56 of 1st period - Deflect By Rafael Harvey-Pinard. 17:56 of 1st period - Stopped by Jeremy Swayman without a rebound. 17:57 of 1st period - Joel Eriksson Ek wins face-off versus Christian Dvorak in BANFF WOLVES zone. 18:59 of 1st period - Shot by Roope Hintz. 18:59 of 1st period - Shot Misses the Net. 19:15 of 1st period - Shot by Adam Erne. 19:15 of 1st period - Shot Misses the Net. 19:21 of 1st period - Shot by Adam Erne. 19:21 of 1st period - Stopped by Filip Gustavsson without a rebound. 19:22 of 1st period - Nicolas Roy wins face-off versus Tyler Toffoli in VANCOUVER VOODOO zone. 19:46 of 1st period - Icing by Jordan Harris. 19:47 of 1st period - Jason Dickinson wins face-off versus Nicolas Roy in VANCOUVER VOODOO zone. Goals for this period are 1 for BANFF WOLVES vs 1 for VANCOUVER VOODOO. Shots for this period are 11 for BANFF WOLVES vs 10 for VANCOUVER VOODOO. 2nd period 0:01 of 2nd period - Elias Lindholm wins face-off versus Nicolas Roy in neutral zone.